General information
- name: BNet
- type: Ladder team game (AT/RT)
- host: Battle.net
- saver: zA.AbazaisaFaig
map: FullScaleAssault
- players: 8
- length: 21:10
- speed: Fast
- version: 1.26 W3XP
- replay type: Public
» download(219 KB)
Players
team 1 (loser)
flower (
pink | 134 APM | 2822 actions | 21:05)
5 Blademaster
2 Wind Walk
3 Critical Strike
» actions
| Assign group hotkey | 157 | |
| Basic commands | 10 | |
| Build / train | 56 | |
| ESC pressed | 1 | |
| Enter build submenu | 13 | |
| Enter hero's abilities submenu | 5 | |
| Give item / drop item | 1 | |
| Right click | 1417 | |
| Select / deselect | 442 | |
| Select group hotkey | 612 | |
| Use ability | 107 | |
2822 total
» units
| Peon | 12 | |
| Grunt | 6 | |
| Troll Batrider | 20 | |
38 total
» buildings
| Altar of Storms | 1 | |
| Orc Burrow | 5 | |
| Barracks | 1 | |
| Voodoo Lounge | 1 | |
| Stronghold | 2 | |
| Beastiary | 2 | |
| Great Hall | 1 | |
| War Mill | 1 | |
14 total
» build order
00:03 Altar of Storms
00:15 Orc Burrow
00:38 Barracks
01:30 Orc Burrow
01:57 Voodoo Lounge
03:46 Stronghold
05:04 Orc Burrow
06:11 Beastiary
06:13 Beastiary
08:15 Orc Burrow
10:44 Orc Burrow
11:47 Great Hall
14:57 War Mill
» items
| Healing Salve | 2 | |
| Rod of Necromancy | 1 | |
| Scroll of Town Portal | 1 | |
| Orb of Corruption | 1 | |
| Potion of Healing | 1 | |
6 total

»
O_o (
blue | 99 APM | 2068 actions | 20:53)
4 Death Knight
2 Death Coil
2 Unholy Aura
2 Lich
1 Frost Nova
1 Frost Armor
3 Pit Lord
2 Howl of Terror
1 Rain of Fire
» actions
| Assign group hotkey | 26 | |
| Basic commands | 50 | |
| Build / train | 80 | |
| ESC pressed | 3 | |
| Enter build submenu | 14 | |
| Enter hero's abilities submenu | 10 | |
| Give item / drop item | 5 | |
| Right click | 675 | |
| Select / deselect | 376 | |
| Select group hotkey | 740 | |
| Use ability | 89 | |
2068 total
» units
| Acolyte | 3 | |
| Ghoul | 3 | |
| Crypt Fiend | 16 | |
| Frost Wyrm | 3 | |
25 total
» upgrades
| Creature Attack | 2 | |
| Web | 1 | |
| Creature Carapace | 2 | |
| Burrow | 1 | |
6 total
» buildings
| Graveyard | 1 | |
| Crypt | 1 | |
| Altar of Darkness | 1 | |
| Ziggurat | 6 | |
| Tomb of Relics | 1 | |
| Nerubian Tower | 3 | |
| Halls of the Dead | 3 | |
| Black Citadel | 3 | |
| Sacrificial Pit | 1 | |
| Spirit Tower | 8 | |
| Boneyard | 1 | |
29 total
» build order
00:17 Graveyard
00:24 Crypt
00:48 Altar of Darkness
00:59 Ziggurat
01:36 Tomb of Relics
02:03 Ziggurat
02:53 Nerubian Tower
02:53 Nerubian Tower
04:19 Halls of the Dead
04:19 Halls of the Dead
04:28 Ziggurat
07:36 Black Citadel
07:37 Black Citadel
08:08 Ziggurat
08:32 Sacrificial Pit
09:03 Ziggurat
10:54 Spirit Tower
10:57 Spirit Tower
10:58 Spirit Tower
10:58 Spirit Tower
12:14 Boneyard
12:39 Ziggurat
13:48 Spirit Tower
13:48 Spirit Tower
14:18 Spirit Tower
» items
| Rod of Necromancy | 1 | |
| Dust of Appearance | 1 | |
| Orb of Corruption | 1 | |
| Scroll of Town Portal | 2 | |
5 total
mpge4divx (
teal | 86 APM | 1805 actions | 20:57)
4 Death Knight
2 Death Coil
2 Unholy Aura
1 Lich
1 Frost Armor
» actions
| Assign group hotkey | 199 | |
| Basic commands | 172 | |
| Build / train | 78 | |
| ESC pressed | 2 | |
| Enter build submenu | 12 | |
| Enter hero's abilities submenu | 5 | |
| Give item / drop item | 1 | |
| Remove unit from queue | 5 | |
| Right click | 566 | |
| Select / deselect | 321 | |
| Select group hotkey | 377 | |
| Use ability | 67 | |
1805 total
» units
| Acolyte | 5 | |
| Ghoul | 9 | |
| Crypt Fiend | 20 | |
| Obsidian Statue | 2 | |
| Abomination | 5 | |
| Meatwagon | 1 | |
42 total
» upgrades
| Unholy Strength | 2 | |
| Disease Cloud | 1 | |
3 total
» buildings
| Ziggurat | 7 | |
| Altar of Darkness | 1 | |
| Crypt | 1 | |
| Tomb of Relics | 1 | |
| Graveyard | 1 | |
| Nerubian Tower | 1 | |
| Halls of the Dead | 3 | |
| Slaughterhouse | 2 | |
| Black Citadel | 1 | |
| Spirit Tower | 3 | |
21 total
» build order
00:10 Ziggurat
00:11 Altar of Darkness
00:35 Crypt
00:48 Tomb of Relics
01:12 Graveyard
01:27 Ziggurat
03:20 Ziggurat
03:58 Nerubian Tower
05:59 Halls of the Dead
06:00 Halls of the Dead
08:17 Ziggurat
10:15 Ziggurat
10:54 Slaughterhouse
10:56 Slaughterhouse
11:00 Black Citadel
11:29 Ziggurat
12:56 Ziggurat
14:30 Spirit Tower
14:31 Spirit Tower
14:34 Spirit Tower
» items
| Rod of Necromancy | 7 | |
| Orb of Corruption | 1 | |
8 total
PiTcH_BlAcK (
green | 52 APM | 1096 actions | 21:09)
5 Death Knight
3 Death Coil
2 Unholy Aura
4 Lich
2 Frost Nova
2 Frost Armor
» actions
| Assign group hotkey | 6 | |
| Build / train | 52 | |
| Enter build submenu | 20 | |
| Enter hero's abilities submenu | 9 | |
| Give item / drop item | 2 | |
| Remove unit from queue | 1 | |
| Right click | 755 | |
| Select / deselect | 169 | |
| Select group hotkey | 14 | |
| Use ability | 68 | |
1096 total
» units
| Acolyte | 7 | |
| Ghoul | 4 | |
| Crypt Fiend | 10 | |
| Frost Wyrm | 2 | |
| Blue Dragon | 1 | |
24 total
» upgrades
| Creature Attack | 2 | |
| Creature Carapace | 2 | |
| Web | 1 | |
5 total
» buildings
| Graveyard | 1 | |
| Crypt | 1 | |
| Ziggurat | 9 | |
| Altar of Darkness | 1 | |
| Tomb of Relics | 1 | |
| Nerubian Tower | 2 | |
| Halls of the Dead | 1 | |
| Black Citadel | 1 | |
| Sacrificial Pit | 1 | |
| Boneyard | 2 | |
| Necropolis | 1 | |
| Spirit Tower | 2 | |
23 total
» build order
00:27 Graveyard
00:31 Crypt
00:39 Ziggurat
01:02 Altar of Darkness
01:14 Tomb of Relics
02:02 Ziggurat
02:38 Nerubian Tower
03:51 Ziggurat
04:58 Halls of the Dead
07:44 Ziggurat
08:19 Ziggurat
08:52 Black Citadel
09:36 Sacrificial Pit
11:50 Boneyard
11:54 Boneyard
12:49 Necropolis
14:55 Ziggurat
14:57 Ziggurat
15:08 Ziggurat
16:55 Spirit Tower
16:57 Nerubian Tower
17:14 Spirit Tower
18:55 Ziggurat
» items
| Rod of Necromancy | 1 | |
| Dust of Appearance | 2 | |
| Scroll of Town Portal | 1 | |
| Orb of Corruption | 1 | |
5 total
team 2 (winner)
KODOS_FORSAKEN (
yellow | 120 APM | 2541 actions | 21:09)
6 Blademaster
3 Wind Walk
3 Critical Strike
4 Shadow Hunter
2 Hex
2 Healing Wave
3 Tauren Chieftain
1 War Stomp
2 Endurance Aura
» actions
| Assign group hotkey | 344 | |
| Build / train | 92 | |
| Enter build submenu | 21 | |
| Enter hero's abilities submenu | 14 | |
| Give item / drop item | 4 | |
| Right click | 978 | |
| Select / deselect | 446 | |
| Select group hotkey | 455 | |
| Use ability | 187 | |
2541 total
» units
| Peon | 10 | |
| Wind Rider | 8 | |
| Goblin Zeppelin | 1 | |
| Troll Batrider | 3 | |
| Kodo Beast | 1 | |
| Shaman | 2 | |
| Tauren | 4 | |
| Troll Witch Doctor | 4 | |
33 total
» upgrades
| Armor | 3 | |
| Ranged Weapons | 2 | |
| Reinforced Defenses | 1 | |
| Envenomed Spears | 1 | |
| Liquid Fire | 1 | |
| Shaman Training | 2 | |
| Witch Doctor Training | 2 | |
| Pulverize | 1 | |
13 total
» buildings
| Altar of Storms | 1 | |
| Orc Burrow | 6 | |
| Voodoo Lounge | 1 | |
| Stronghold | 1 | |
| War Mill | 1 | |
| Beastiary | 3 | |
| Fortress | 1 | |
| Watch Tower | 2 | |
| Spirit Lodge | 2 | |
| Tauren Totem | 2 | |
| Great Hall | 1 | |
21 total
» build order
00:09 Altar of Storms
00:24 Orc Burrow
01:05 Voodoo Lounge
01:50 Stronghold
02:00 Orc Burrow
02:04 War Mill
02:19 Orc Burrow
03:00 Orc Burrow
04:11 Beastiary
04:12 Beastiary
04:14 Beastiary
04:53 Fortress
08:20 Orc Burrow
08:37 Watch Tower
08:37 Watch Tower
08:59 Spirit Lodge
10:03 Spirit Lodge
13:08 Tauren Totem
13:10 Tauren Totem
14:33 Orc Burrow
16:49 Great Hall
» items
| Healing Salve | 4 | |
| Lesser Clarity Potion | 4 | |
| Scroll of Town Portal | 3 | |
| Tiny Great Hall | 1 | |
| Orb of Lightning | 1 | |
| Potion of Mana | 2 | |
| Potion of Healing | 2 | |
| Potion of Lesser Invulnerability | 1 | |
| Scroll of Healing | 2 | |
| Periapt of Vitality | 1 | |
21 total
FLIPZ[ (
purple | 134 APM | 2832 actions | 21:10)
5 Death Knight
3 Death Coil
2 Unholy Aura
3 Lich
2 Frost Nova
1 Frost Armor
4 Pit Lord
2 Rain of Fire
2 Howl of Terror
» actions
| Assign group hotkey | 43 | |
| Basic commands | 539 | |
| Build / train | 68 | |
| Enter build submenu | 17 | |
| Enter hero's abilities submenu | 12 | |
| Give item / drop item | 14 | |
| Remove unit from queue | 2 | |
| Right click | 1064 | |
| Select / deselect | 178 | |
| Select group hotkey | 824 | |
| Use ability | 71 | |
2832 total
» units
| Acolyte | 2 | |
| Ghoul | 4 | |
| Gargoyle | 6 | |
| Frost Wyrm | 21 | |
33 total
» upgrades
» buildings
| Crypt | 1 | |
| Altar of Darkness | 1 | |
| Ziggurat | 9 | |
| Tomb of Relics | 1 | |
| Halls of the Dead | 4 | |
| Graveyard | 1 | |
| Black Citadel | 3 | |
| Sacrificial Pit | 1 | |
| Boneyard | 3 | |
24 total
» build order
00:07 Crypt
00:13 Altar of Darkness
00:25 Ziggurat
01:03 Tomb of Relics
01:35 Ziggurat
02:35 Halls of the Dead
02:35 Halls of the Dead
02:52 Graveyard
04:01 Ziggurat
04:57 Black Citadel
04:57 Black Citadel
05:01 Sacrificial Pit
06:34 Ziggurat
07:52 Boneyard
07:57 Boneyard
07:59 Boneyard
08:02 Ziggurat
10:15 Ziggurat
10:18 Ziggurat
13:33 Ziggurat
14:18 Ziggurat
» items
| Rod of Necromancy | 2 | |
| Scroll of Town Portal | 1 | |
| Orb of Corruption | 1 | |
| Scroll of Protection | 1 | |
| Potion of Lesser Invulnerability | 1 | |
| Scroll of Healing | 1 | |
7 total
zA.AbazaisaFaig (
orange | 79 APM | 1679 actions | 21:10)
4 Pandaren Brewmaster
2 Breath of Fire
2 Drunken Haze
» actions
| Assign group hotkey | 14 | |
| Basic commands | 489 | |
| Build / train | 60 | |
| Enter build submenu | 15 | |
| Enter hero's abilities submenu | 4 | |
| Right click | 467 | |
| Select / deselect | 282 | |
| Select group hotkey | 299 | |
| Use ability | 49 | |
1679 total
» units
| Wisp | 26 | |
| Druid of the Talon | 5 | |
| Dryad | 8 | |
| Goblin Shredder | 1 | |
40 total
» upgrades
| Strength of the Wild | 2 | |
| Reinforced Hides | 2 | |
| Abolish Magic | 1 | |
5 total
» buildings
| Moon Well | 7 | |
| Altar of Elders | 1 | |
| Tree of Life | 2 | |
| Tree of Ages | 1 | |
| Ancient of Wind | 1 | |
| Hunter's Hall | 1 | |
| Ancient of Lore | 2 | |
| Tree of Eternity | 1 | |
16 total
» build order
00:49 Moon Well
00:57 Altar of Elders
02:40 Moon Well
03:24 Moon Well
08:10 Tree of Life
08:49 Tree of Ages
08:52 Moon Well
10:52 Tree of Life
11:43 Ancient of Wind
12:55 Hunter's Hall
14:02 Ancient of Lore
14:04 Ancient of Lore
17:44 Moon Well
17:45 Moon Well
17:46 Moon Well
18:03 Tree of Eternity
» items
| Staff of Teleportation | 1 | |
| Boots of Speed | 1 | |
| Scroll of Healing | 1 | |
| Scroll of Protection | 1 | |
| Potion of Lesser Invulnerability | 1 | |
| Scroll of Speed | 1 | |
6 total
aL_ (
red | 64 APM | 1346 actions | 21:09)
4 Priestess of the Moon
2 Searing Arrows
2 Trueshot Aura
3 Keeper of the Grove
2 Entangling Roots
1 Thorns Aura
» actions
| Assign group hotkey | 16 | |
| Basic commands | 102 | |
| Build / train | 57 | |
| Enter build submenu | 15 | |
| Enter hero's abilities submenu | 7 | |
| Give item / drop item | 1 | |
| Remove unit from queue | 1 | |
| Right click | 524 | |
| Select / deselect | 346 | |
| Select group hotkey | 212 | |
| Use ability | 65 | |
1346 total
» units
| Wisp | 17 | |
| Huntress | 7 | |
| Dryad | 2 | |
| Druid of the Claw | 6 | |
32 total
» upgrades
| Ultravision | 1 | |
| Druid of the Claw Training | 2 | |
| Strength of the Wild | 2 | |
| Reinforced Hides | 1 | |
| Mark of the Claw | 1 | |
| Abolish Magic | 1 | |
| Well Spring | 1 | |
9 total
» buildings
| Altar of Elders | 1 | |
| Moon Well | 6 | |
| Hunter's Hall | 1 | |
| Ancient of War | 2 | |
| Tree of Ages | 4 | |
| Ancient of Lore | 2 | |
| Ancient of Wonders | 1 | |
| Tree of Eternity | 1 | |
| Tree of Life | 2 | |
20 total
» build order
00:08 Altar of Elders
00:19 Moon Well
01:37 Hunter's Hall
01:42 Ancient of War
02:03 Ancient of War
02:16 Moon Well
02:35 Moon Well
04:35 Tree of Ages
04:35 Tree of Ages
05:40 Moon Well
07:08 Ancient of Lore
07:08 Ancient of Lore
07:31 Ancient of Wonders
08:13 Tree of Eternity
10:01 Moon Well
13:42 Moon Well
16:45 Tree of Life
16:49 Tree of Life
Chat log
(00:17 / Allies) aL_: plan?
(00:19 / Allies) KODOS_FORSAKEN: any nerd elf
(00:21 / Allies) KODOS_FORSAKEN: wanna feed me
(00:23 / Allies) zA.AbazaisaFaig: well so much for jacking off and going idle
(00:27 / Allies) zA.AbazaisaFaig: got Kodos on my tema
(00:32 / Allies) zA.AbazaisaFaig: yeah I'll feed you
(00:38 / All) FLIPZ[: jin :(
(00:38 / Allies) KODOS_FORSAKEN: k
(00:42 / All) O_o: ^_^
(00:44 / Allies) zA.AbazaisaFaig: it's Wes btw
(00:45 / Allies) KODOS_FORSAKEN: just get a hero
(00:49 / Allies) KODOS_FORSAKEN: ya i though
(00:50 / Allies) FLIPZ[: oh yo wes
(00:52 / Allies) zA.AbazaisaFaig: lol
(00:55 / Allies) KODOS_FORSAKEN: ill clear a expo for u
(00:59 / Allies) KODOS_FORSAKEN: then uc an get units later
(01:09 / Allies) zA.AbazaisaFaig: yeah, I'm like a pro at feedling lately
(01:16 / Allies) FLIPZ[: good feed me 2 :)
(01:20 / Allies) zA.AbazaisaFaig: oh shit
(01:24 / Allies) zA.AbazaisaFaig: we got flipz on our team too
(01:27 / Allies) FLIPZ[: ima get wyvs fast
(01:29 / Allies) FLIPZ[: lol yea wes
(01:30 / Allies) zA.AbazaisaFaig: and this red ne is 45-19, high ell game
(01:42 / Allies) FLIPZ[: yea and jin on other team
(01:43 / Allies) FLIPZ[: w/ flower
(01:48 / Allies) FLIPZ[: very high ell game
(01:54 / All) FLIPZ[: rofl
(01:59 / All) FLIPZ[: oh shi nbvmd
(02:01 / Allies) zA.AbazaisaFaig: sorry left porno on lol
(02:17 / Allies) FLIPZ[: to asnwer you
(02:19 / Allies) FLIPZ[: flowers awesome
(02:20 / Allies) zA.AbazaisaFaig: I'm married and I still get off to porn every once in a w hile lol
(02:23 / Allies) FLIPZ[: 72-26
(02:33 / Allies) KODOS_FORSAKEN: i could get that rec easy
(02:36 / Allies) KODOS_FORSAKEN: if i tried every game
(02:43 / Allies) FLIPZ[: i didnt say u couldnt, i just said hes good
(02:44 / Allies) FLIPZ[: is all
(03:08 / Allies) FLIPZ[: check fast epoxs
(03:39 / Allies) FLIPZ[: ui got
(04:00 / Allies) KODOS_FORSAKEN: wood gold
(04:19 / Allies) FLIPZ[: use
(04:53 / Allies) FLIPZ[: gj
(04:56 / Allies) FLIPZ[: clear expos
(05:01 / Allies) KODOS_FORSAKEN: will in 2 secs
(05:07 / Allies) KODOS_FORSAKEN: need 3
(05:09 / Allies) KODOS_FORSAKEN: wyrvs
(05:15 / Allies) FLIPZ[: wes feed me too
(05:27 / Allies) FLIPZ[: expo this wes
(06:08 / Allies) KODOS_FORSAKEN: brt
(06:09 / Allies) FLIPZ[: lol
(06:12 / Allies) FLIPZ[: fail creep
(06:32 / Allies) zA.AbazaisaFaig: nrerd rushing
(06:41 / Allies) FLIPZ[: i cant stop that
(07:04 / Allies) FLIPZ[: red fight
(07:21 / Allies) KODOS_FORSAKEN: some g
(07:27 / Allies) KODOS_FORSAKEN: getting island
(07:34 / Allies) KODOS_FORSAKEN: afet that
(07:42 / Allies) zA.AbazaisaFaig: you going lust at all?
(07:48 / Allies) KODOS_FORSAKEN: maybe
(07:54 / Allies) zA.AbazaisaFaig: that'd destroy them
(07:56 / Allies) zA.AbazaisaFaig: no human to take
(08:17 / Allies) FLIPZ[: wes share
(08:17 / Allies) FLIPZ[: sec
(08:27 / Allies) FLIPZ[: thx
(08:55 / Allies) FLIPZ[: gold me
(09:03 / Allies) FLIPZ[: got trip yards
(10:21 / Allies) aL_: 4 auras
(10:21 / Allies) aL_: lol
(10:25 / Allies) KODOS_FORSAKEN: imba
(10:48 / Allies) FLIPZ[: lets go win
(11:12 / Allies) FLIPZ[: gold wes
(11:14 / Allies) FLIPZ[: pzl
(11:21 / Allies) KODOS_FORSAKEN: b
(11:31 / Allies) KODOS_FORSAKEN: gay ass fiemds
(11:58 / Allies) aL_: i got bears
(12:32 / Allies) zA.AbazaisaFaig: they are all out massing fiends lol
(12:36 / Allies) KODOS_FORSAKEN: fiends and bats
(12:53 / Allies) FLIPZ[: ima hero nuke then
(12:54 / Allies) FLIPZ[: lol
(13:11 / Allies) KODOS_FORSAKEN: some g
(13:22 / Allies) KODOS_FORSAKEN: b
(14:10 / Allies) zA.AbazaisaFaig: meet at yellow
(14:19 / Allies) KODOS_FORSAKEN: wood
(14:20 / Allies) FLIPZ[: gold real fast
(14:34 / Allies) zA.AbazaisaFaig: damn we trading that base?
(14:37 / Allies) FLIPZ[: b up red
(14:38 / Allies) FLIPZ[: some
(14:52 / Allies) FLIPZ[: get to the back side
(15:02 / Allies) zA.AbazaisaFaig: well here we go
(15:04 / Allies) FLIPZ[: kodos need ur ass
(15:11 / Allies) zA.AbazaisaFaig: go
(16:02 / Allies) zA.AbazaisaFaig: rebuild
(16:12 / Allies) aL_: i need gold.
(16:21 / Allies) aL_: ty
(16:53 / Allies) FLIPZ[: gold me wes
(18:28 / Allies) FLIPZ[: save tc?
(18:32 / All) zA.AbazaisaFaig: you really wnet aboms?
(19:24 / All) PiTcH_BlAcK: gg
(19:27 / Allies) KODOS_FORSAKEN: sec pots
(19:28 / All) FLIPZ[: gg
(19:32 / Allies) FLIPZ[: gold
(19:49 / Allies) zA.AbazaisaFaig: lets jsut hit
(19:50 / Allies) zA.AbazaisaFaig: fuck it
(20:12 / All) zA.AbazaisaFaig: gg
(20:56 / All) mpge4divx: GG
(21:04 / All) flower: great game well played